 Dungeon Crawl Stone Soup version 0.18-a0-1060-g4fac74f (webtiles) character file.

2327 gorblad the Fighter (level 9, 0/77 HPs)
             Began as a Vampire Assassin on Jan 13, 2016.
             Was a Priest of Cheibriados.
             Slain by a worker ant (5 damage)
             ... on level 8 of the Dungeon.
             The game lasted 00:25:33 (9121 turns).

gorblad the Fighter (Vampire Assassin)              Turns: 9121, Time: 00:25:33

Health: 0/77       AC: 10    Str: 16      XL:     9   Next: 19%
Magic:  9/9        EV: 14    Int: 21      God:    Cheibriados [***...]
Gold:   167        SH:  0    Dex: 22 (25) Spells: 0 memorised, 8 levels left

rFire  . . .     SeeInvis +     a - +2 dagger
rCold  + . .     Gourm    .     A - +0 leather armour
rNeg   + + .     Faith    .     (no shield)
rPois  +         Spirit   .     m - +1 helmet
rElec  .         Dismiss  +     d - +1 cloak
rCorr  .         Reflect  .     c - +2 pair of gloves
SustAt .         Harm     .     (no boots)
MR     .....                    h - amulet of dismissal
Stlth  +++++.....               u - +2 ring of intelligence
                                x - +1 ring of evasion

@: lethally poisoned (0 -> -1), regenerating slowly, very slow, not resistant to
hostile enchantments, quite stealthy
A: fangs 3, see invisible, unbreathing
a: Bat Form, Bend Time, Temporal Distortion, Renounce Religion


You were on level 8 of the Dungeon.
You worshipped Cheibriados.
Cheibriados was most pleased with you.
You were very thirsty.

You visited 2 branches of the dungeon, and saw 9 of its levels.
You also visited: Sewer.

You collected 305 gold pieces.
You spent 138 gold pieces at shops.

Inventory:

Hand Weapons
 a - a +2 dagger (weapon)
 b - a +0 blowgun
Missiles
 e - 51 poisoned needles
 f - 2 curare-tipped needles
 j - 6 needles of slowing
 l - 7 needles of confusion
Armour
 c - a +2 pair of gloves (worn)
 d - a +1 cloak (worn)
 m - a +1 helmet (worn)
 A - a +0 leather armour (worn)
Jewellery
 h - an amulet of dismissal (around neck)
 s - an uncursed ring of protection from cold
 u - a +2 ring of intelligence (right hand)
 x - a +1 ring of evasion (left hand)
Wands
 y - a wand of fireball (12/15)
Scrolls
 i - 7 scrolls of teleportation
 k - a scroll of amnesia
 n - 5 scrolls of fog
 q - 3 scrolls of remove curse
 F - a scroll of recharging
Potions
 g - 9 potions of blood
 o - 2 potions of cancellation
 p - a potion of cure mutation
 t - 2 potions of flight
 w - 2 potions of magic
 B - 2 potions of might
Books
 r - a book of Hinderance

   Spells                             Type                      Level
   a - Confusing Touch                Hexes                        2
   b - Confuse                        Hexes                        3
   c - Gell's Gravitas                Hexes/Translocation          3
   d - Petrify                        Transmutation/Earth          4
   e - Metabolic Englaciation         Hexes/Ice                    5
   f - Yara's Violent Unravelling     Hexes/Transmutation          5
 z - a book of Envenomations

   Spells                             Type                      Level
   a - Spider Form                    Transmutation/Poison         3
   b - Olgreb's Toxic Radiance        Poison                       4
   c - Alistair's Intoxication        Transmutation/Poison         5
   d - Poisonous Cloud                Conjuration/Poison/Air       6


   Skills:
 - Level 9.4 Fighting
 - Level 6.4 Short Blades
 - Level 1.5 Throwing
 + Level 2.7 Dodging
 - Level 8.2 Stealth


You had 8 spell levels left.
You didn't know any spells.

Dungeon Overview and Level Annotations

Branches:
Dungeon (8/15)             Temple (1/1) D:7
   Lair: D:8-11

Altars:
Ashenzari
Cheibriados
Dithmenos
Elyvilon
Fedhas
Gozag
Kikubaaqudgha
Nemelex Xobeh
Okawaru
Pakellas
Qazlal
Ru
Sif Muna
Trog
Vehumet
Xom
Yredelemnul
Zin
The Shining One
Lugonu

Shops:
D:5 *   D:6 [?

Annotations:
D:8 1 runed door


Innate Abilities, Weirdness & Mutations

You heal slowly.
You have razor-sharp teeth.
You have supernaturally acute eyesight.
You can survive without breathing.


Message History

You feel sick. The worker ant completely misses you.
The worker ant bites you but does no damage. x2
You feel sick. The worker ant closely misses you. The worker ant bites you.
* * * LOW HITPOINT WARNING * * *
The worker ant barely misses you. The worker ant misses you.
The worker ant bites you.
* * * LOW HITPOINT WARNING * * *
The translocation field surrounding you vibrates and the worker ant disappears!
You see here 17 arrows.
The worker ant bites you.
* * * LOW HITPOINT WARNING * * *
The worker ant barely misses you. x2
You feel sick. The worker ant closely misses you.
The worker ant closely misses you.
The worker ant waves its antennae.
The worker ant bites you.
* * * LOW HITPOINT WARNING * * *
You feel sick. The worker ant bites you.
You die...

#.#...#.#
##.......#
######..a..##....
#......##### .###
#.####.(..# #
#.#.##.##......
#..#...# ###.#
#.#.##.#####
#.#.##asa@.#
#......###<#
###.#### #.# #...
#.# #.... ... #.
... ... # .....
..... .....
#.....#


You could see 2 worker ants and a giant cockroach.

Vanquished Creatures
  Prince Ribbit (D:7)
  2 hippogriffs
  A hungry ghost (D:7)
  Duvessa (D:6)
  The ghost of pedritolo the Skirmisher, an amateur CeFi (D:4)
  2 ogres (D:5)
  3 phantoms
  A centaur (D:8)
  A big kobold (Sewer)
  A giant frog (D:8)
  Dowan (D:6)
  2 scorpions
  5 wights (D:7)
  2 crimson imps (D:7)
  A hound (D:7)
  An orc wizard (D:6)
  An iguana (D:7)
  7 worker ants
  3 gnolls (D:5)
  9 adders
  A river rat (Sewer)
  A shadow imp (D:7)
  2 adder skeletons
  6 worms
  7 giant geckos
  8 orcs
  6 giant cockroaches
  8 goblins
  12 hobgoblins
  8 jackals
  3 quokkas
  2 ball pythons
  5 bats
  A giant cockroach zombie (D:5)
  A giant gecko skeleton (D:4)
  8 giant newts
  10 kobolds
  A quokka zombie (D:8)
  8 rats
  2 demonic plants (Temple)
146 creatures vanquished.

Notes
Turn   | Place    | Note
--------------------------------------------------------------
     0 | D:1      | gorblad the Vampire Assassin began the quest for the Orb.
     0 | D:1      | Reached XP level 1. HP: 16/16 MP: 1/1
   380 | D:1      | Reached skill level 6 in Stealth
   480 | D:1      | Reached XP level 2. HP: 17/22 MP: 2/2
  1065 | D:2      | Reached XP level 3. HP: 27/27 MP: 3/3
  1911 | D:2      | Reached XP level 4. HP: 33/33 MP: 4/4
  1996 | D:2      | Found an oddly glowing altar of Pakellas.
  2131 | D:2      | Found an iron altar of Okawaru.
  2132 | D:2      | Found a bloodstained altar of Trog.
  2941 | D:3      | Reached skill level 7 in Stealth
  3168 | D:3      | Found a snail-covered altar of Cheibriados.
  3276 | D:3      | Found a sparkling altar of Nemelex Xobeh.
  3277 | D:3      | Found an opulent altar of Gozag.
  3983 | D:4      | Found a glowing drain.
  3988 | Sewer    | Entered a sewer
  3991 | Sewer    | Reached XP level 5. HP: 35/38 MP: 5/5
  4111 | Sewer    | Reached skill level 5 in Short Blades
  4335 | Sewer    | Found a glowing silver altar of Zin.
  4472 | D:4      | Noticed pedritolo's ghost (amateur CeFi)
  4890 | D:4      | Reached XP level 6. HP: 44/44 MP: 6/6
  5377 | D:4      | Killed pedritolo's ghost
  5377 | D:4      | Reached skill level 8 in Stealth
  5865 | D:4      | Found a sacrificial altar of Ru.
  5866 | D:4      | Found a snail-covered altar of Cheibriados.
  5980 | D:4      | Became a worshipper of Cheibriados the Contemplative
  6391 | D:5      | Entered Level 5 of the Dungeon
  6438 | D:5      | Found a shattered altar of Ashenzari.
  6468 | D:5      | Reached XP level 7. HP: 49/52 MP: 7/7
  6474 | D:5      | Found Pabiom's Assorted Antiques.
  6497 | D:5      | Found a shadowy altar of Dithmenos.
  6593 | D:5      | Noticed a hippogriff
  6617 | D:5      | Killed a hippogriff
  7086 | D:5      | Found a glowing golden altar of the Shining One.
  7213 | D:6      | Found Kegaush's Armour Shop.
  7220 | D:6      | Bought a +1 helmet for 138 gold pieces
  7286 | D:6      | Reached * piety under Cheibriados
  7300 | D:6      | Reached skill level 5 in Fighting
  7340 | D:6      | Found a deep blue altar of Sif Muna.
  7340 | D:6      | Found a white marble altar of Elyvilon.
  7341 | D:6      | Found a glowing silver altar of Zin.
  7417 | D:6      | Noticed Duvessa
  7417 | D:6      | Noticed Dowan
  7421 | D:6      | Killed Duvessa
  7429 | D:6      | Reached XP level 8. HP: 58/64 MP: 8/8
  7447 | D:6      | Killed Dowan
  7549 | D:6      | Found Gywkuc's Magic Scroll Emporium.
  7892 | D:7      | Found a shimmering altar of Xom.
  8108 | D:7      | Reached ** piety under Cheibriados
  8274 | D:7      | Found a staircase to the Ecumenical Temple.
  8287 | D:7      | Noticed Prince Ribbit
  8330 | D:7      | Killed Prince Ribbit
  8390 | D:7      | Reached skill level 9 in Fighting
  8390 | D:7      | Reached XP level 9. HP: 39/76 MP: 9/9
  8802 | Temple   | Entered the Ecumenical Temple
  9017 | D:8      | Found a runed door.
  9051 | D:8      | Found a runed door.
  9084 | D:8      | Reached *** piety under Cheibriados
  9121 | D:8      | Slain by a worker ant

Vault maps used:
D:1:      dpeg_arrival_erosion
D:2:      gammafunk_temple_overflow_pools, grunt_pakellas_salt
D:3:      kennysheep_six_static_rooms, grunt_temple_overflow_opulence,
          first_bread, cheibriados_altar_1
D:4:      gammafunk_temple_overflow_statue, gup_sewer_entry_bowl
D:5:      tso_altar, nicolae_overflow_hidden_temple, serial_shops, shop_statue,
          hangedman_decor_growths, evilmike_ruin_ashenzari
D:6:      gammafunk_temple_overflow_claw, serial_shops, nicolae_shop_waterfront,
          nicolae_shop_temple_entry_statues_fountains, uniq_duvessa
D:7:      minmay_temple_entry_purple_smoke, basic_altar, uniq_prince_ribbit1
D:8:      lemuel_insect_pit, serial_shops, nicolae_shop_behind_doors
Temple:   corrupted_temple
Sewer:    sewer_kobolds

Action                   |  1- 3 |  4- 6 |  7- 9 || total
-------------------------+-------+-------+-------++-------
Melee: Dagger            |   134 |   311 |   591 ||  1036
  Use: Scroll            |     6 |     9 |     9 ||    24
       Potion            |     5 |    14 |    12 ||    31
 Stab: Sleeping          |     9 |    19 |    14 ||    42
       Distracted        |     2 |     1 |       ||     3
